 Dungeon Crawl Stone Soup version 0.29.1-14-g9c671dbff4 (webtiles) character file.

Game seed: 1298364556244508419

1518 Thatpatchoflichen the Covered (level 9, -1/57 (69) HPs)
             Began as a Human Gladiator on Feb 16, 2023.
             Slain by a hell rat (2 damage)
             ... on level 6 of the Dungeon.
             The game lasted 00:14:16 (5620 turns).

Thatpatchoflichen the Covered (Human Gladiator)     Turns: 5620, Time: 00:14:16

HP:   -1/57 (69)    AC: 14    Str: 14    XL:     9   Next: 9%
MP:   9/9           EV: 11    Int: 10    God:
Gold: 296           SH:  0    Dex: 24    Spells: 8/8 levels left

rFire   + + .      SeeInvis .   a - +0 long sword
rCold   x . .      Faith    .   (no shield)
rNeg    . . .      Spirit   .   j - +0 fire dragon scales
rPois   .          Reflect  .   c - +0 helmet
rElec   .          Harm     .   B - +0 cloak
rCorr   .          Rampage  .   q - +0 pair of gloves
Will    .....                   (no boots)
Stlth   ..........              r - amulet of the acrobat
HPRegen 0.19/turn               D - +6 ring of dexterity
MPRegen 0.11/turn               (no ring)

@: heavily drained
A: no striking features
a: no special abilities


You were on level 6 of the Dungeon.
You visited 2 branches of the dungeon, and saw 7 of its levels.

You collected 296 gold pieces.

Inventory:

Hand Weapons
 a - a +0 long sword (weapon)
Missiles
 d - 5 throwing nets (quivered)
 e - 3 javelins
 h - 6 atropa-tipped darts
 t - 6 boomerangs
 y - 2 poisoned darts
Armour
 c - a +0 helmet (worn)
 f - a +0 pair of gloves
 j - +0 fire dragon scales (worn)
 q - a +0 pair of gloves (worn)
 B - a +0 cloak (worn)
Jewellery
 r - an amulet of the acrobat (around neck)
 D - a +6 ring of dexterity (left hand)
Wands
 v - a wand of charming (9)
Scrolls
 b - a scroll of brand weapon {unknown}
 g - 3 scrolls of immolation {unknown}
 i - 4 scrolls of enchant weapon
 k - 2 scrolls of teleportation {unknown}
 l - 2 scrolls of fear {unknown}
 m - a scroll of poison {unknown}
 n - 2 scrolls of magic mapping {unknown}
 p - a scroll of vulnerability {unknown}
 u - a scroll of fog {unknown}
 w - a scroll of amnesia {unknown}
 G - a scroll of enchant armour {unknown}
Potions
 s - a potion of berserk rage {unknown}
 x - 2 potions of lignification
 z - 2 potions of invisibility
 A - a potion of brilliance {unknown}
 C - 2 potions of curing {unknown}
 E - a potion of haste {unknown}
 F - a potion of might {unknown}


   Skills:
 - Level 6.0 Fighting
 - Level 6.0 Long Blades
 - Level 2.0 Throwing
 + Level 6.8 Armour
 - Level 4.0 Dodging


You had 8 spell levels left.
You didn't know any spells.
Your spell library contained the following spells:

 Spells                   Type           Power      Damage    Failure   Level
 Ensorcelled Hibernation  Hex/Ice        0%         N/A       95%         2
 Passwall                 Tmut/Erth      0%         N/A       95%         2
 Swiftness                Air            0%         N/A       99%         3


Dungeon Overview and Level Annotations

Branches:
Dungeon (6/15)             Temple (1/1) D:4

Altars:
Ashenzari
Cheibriados
Fedhas
Hepliaklqana
Makhleb
Nemelex Xobeh
Sif Muna
Trog
Wu Jian
Yredelemnul
Zin
The Shining One

Shops:
D:1 *   D:5 (


Message History

* * * LOW HITPOINT WARNING * * *
You feel drained.
* * * LOW HITPOINT WARNING * * *
The hell rat attacks as you move away! The hell rat bites you.
* * * LOW HITPOINT WARNING * * *
The hell rat attacks as you move away! The hell rat completely misses you.
The hell rat attacks as you move away! The hell rat completely misses you.
The hell rat attacks as you move away!
The hell rat bites you but does no damage.
The hell rat attacks as you move away! The hell rat misses you.
The hell rat attacks as you move away! The hell rat misses you.
The hell rat attacks as you move away!
The hell rat bites you but does no damage.
The hell rat attacks as you move away! The hell rat misses you.
The hell rat attacks as you move away! The hell rat misses you.
The hell rat misses you. The hell rat attacks as you move away!
The hell rat completely misses you. The hell rat attacks as you move away!
The hell rat bites you but does no damage.
The hell rat misses you. The hell rat attacks as you move away!
The hell rat misses you.
There is a stone staircase leading down here.
The hell rat barely misses you.
You climb downwards.
You hear the hiss of flowing sand.
There is an entrance to an ossuary on this level.
Hurry and find it before the portal is buried!
Found 2 gold pieces.
There is a stone staircase leading up here.
You slash the hell rat!
The hell rat is heavily wounded.
The hell rat barely misses you. The hell rat bites you.
* * * LOW HITPOINT WARNING * * *
You feel drained.
* * * LOW HITPOINT WARNING * * *
You slash the hell rat!
The hell rat is almost dead.
The hell rat bites you.
* * * LOW HITPOINT WARNING * * *
You feel drained.
You die...

### ... .##..
......###
#..$..@#
##...#r......#
#.$ ####....#
#. #... .. ..
##


You could see a hell rat.

Vanquished Creatures
  Pikel (D:4)
  An orc warrior (D:4)
  2 black bears
  A lemure (D:4)
  2 hounds (D:4)
  An orc priest (D:4)
  2 iguanas (D:5)
  Natasha (thrice) (D:4)
  5 orc wizards
  4 hell rats (D:5)
  5 gnolls
  2 adders
  10 river rats (D:5)
  5 worms
  2 dart slugs
  24 orcs
  2 bats
  6 endoplasms
  3 giant cockroaches
  3 goblins
  7 hobgoblins
  4 jackals (D:3)
  6 quokkas
  6 ball pythons
  8 frilled lizards
  6 kobolds
  6 rats
127 creatures vanquished.

Vanquished Creatures (collateral kills)
  2 orc priests (D:4)
  3 orcs (D:4)
  A giant cockroach (D:4)
6 creatures vanquished.

Vanquished Creatures (others)
  2 demonic plants (D:2)
  8 fungi (D:2)
  A plant (D:2)
11 creatures vanquished.

Grand Total: 144 creatures vanquished

Notes
Turn   | Place    | Note
-------+----------+-------------------------------------------
     0 | D:1      | Thatpatchoflichen the Human Gladiator began the quest for
                  | the Orb.
     0 | D:1      | Reached XP level 1. HP: 16/16 MP: 1/1
   168 | D:1      | Found Rygacium's General Store.
   257 | D:1      | Reached XP level 2. HP: 22/22 MP: 2/2
   527 | D:1      | Reached skill level 1 in Armour
  1105 | D:1      | Reached XP level 3. HP: 28/28 MP: 3/3
  1496 | D:2      | Reached XP level 4. HP: 29/34 MP: 4/4
  1744 | D:2      | Found a faded altar of an unknown god.
  2079 | D:2      | Reached XP level 5. HP: 40/40 MP: 5/5
  3088 | D:3      | Reached XP level 6. HP: 28/47 MP: 6/6
  3338 | D:4      | Noticed an orc warrior
  3483 | D:4      | Found a sparkling altar of Nemelex Xobeh.
  3487 | D:4      | Noticed Natasha
  3494 | D:4      | Killed Natasha
  3559 | D:4      | Reached XP level 7. HP: 45/53 MP: 7/7
  3655 | D:4      | Noticed Natasha
  3661 | D:4      | Killed Natasha
  3763 | D:4      | Noticed Natasha
  3779 | D:4      | Killed Natasha
  3780 | D:4      | Reached skill level 5 in Long Blades
  4335 | D:4      | Noticed Pikel
  4344 | D:4      | Killed Pikel
  4345 | D:4      | Reached skill level 5 in Fighting
  4345 | D:4      | Reached skill level 5 in Armour
  4345 | D:4      | Reached XP level 8. HP: 40/64 MP: 8/8
  4489 | D:4      | Found a staircase to the Ecumenical Temple.
  4494 | Temple   | Entered the Ecumenical Temple
  4592 | D:5      | Entered Level 5 of the Dungeon
  4917 | D:5      | Found Dupik's Antique Weapon Shop.
  5342 | D:5      | Reached XP level 9. HP: 33/65 MP: 9/9
  5516 | D:5      | Found the +2 ratskin cloak {*Rats rPois rN+ Str-1 Int-1
                  | Dex+1}
  5620 | D:6      | HP: 1/58 [hell rat (5)]
  5620 | D:6      | Slain by a hell rat

Illustrated notes

Levels and vault maps discovered:
D:1:      minmay_arrival_glassed_features, layout_loops_corners, serial_shops,
          shop_statue
D:2:      layout_basic, shapermc_ecumenical_altar_gd, minmay_ruptured
D:3:      layout_rooms
D:4:      layout_gridville, nemelex_dance_club_becter, temple_doors_ab,
          hangedman_decor_clover_reticule, minmay_misc_feat_iff,
          cheibrodos_gnoll_hut, uniq_natasha, uniq_pikel
D:5:      wander_guarded_unrand_ratskin, layout_basic, serial_shops,
          kennysheep_little_box, uniq_sigmund
D:6:      layout_rooms, grunt_gozag_breadcrumbs,
          chequers_temple_overflow_statue_of_worship,
          chequers_ossuary_entry_cave, serial_glass, glass_columns_a,
          glass_columns_a, item_on_display_a, due_unseen_surprise,
          minmay_strange_pillars, dreamdust_gnoll_farm, uniq_blork_the_orc
Temple:   nicolae_temple_ecumenical_triangle

Skill      XL: |  1  2  3  4  5  6  7  8 |
---------------+-------------------------+-----
Armour         | 1 2 3 5 6 |  6.8
Fighting       | 3 5 6 |  6.0
Long Blades    | 4 6 |  6.0
Dodging        | 4 |  4.0
Throwing       | |  2.0

Action                   |  1- 3 |  4- 6 |  7- 9 || total
-------------------------+-------+-------+-------++-------
Melee: Long sword        |    90 |   182 |   195 ||   467
       Punch             |     3 |     1 |     3 ||     7
Evoke: Wand              |       |     1 |       ||     1
  Use: Scroll            |       |     4 |       ||     4
       Potion            |       |       |     2 ||     2
Armor: Fire dragon scale |    59 |   141 |    95 ||   295
       Ring mail         |     1 |       |       ||     1
Dodge: Dodged            |    62 |   148 |   178 ||   388
